 Dungeon Crawl Stone Soup version 0.23-a0-644-gb60d84b635 (webtiles) character file.

1256 LLavrengius the Cutter (level 8, 0/58 HPs)
             Began as an Octopode Fighter on Jan 2, 2019.
             Was an Initiate of Gozag.
             Slain by an orc warrior
             ... wielding a +0 short sword
              (4 damage)
             ... on level 6 of the Dungeon.
             The game lasted 00:21:03 (5854 turns).

LLavrengius the Cutter (Octopode Fighter)           Turns: 5854, Time: 00:21:03

Health: 0/58       AC:  1    Str: 15    XL:     8   Next: 51%
Magic:  8/8        EV: 11    Int: 13    God:    Gozag
Gold:   627        SH: 10    Dex: 11    Spells: 7/7 levels left

rFire    . . .     SeeInvis .   a - +0 rapier
rCold    . . .     Gourm    .   b - +1 shield
rNeg     . . .     Faith    .   (helmet restricted)
rPois    .         Spirit   .   o - amulet of the acrobat
rElec    .         Reflect  .   g - ring of wizardry
rCorr    .         Harm     .   k - ring of stealth
MR       .....                  (no ring)
Stlth    ++++......             (no ring)
HPRegen  0.19/turn              (no ring)
MPRegen  0.11/turn              (no ring)
                                (no ring)
                                (no ring)

@: gold aura, drained
A: almost no armour, stealthy swim, amphibious, 8 rings, constrict 8, camouflage
1, gelatinous body 1
a: Potion Petition, Call Merchant, Bribe Branch, Renounce Religion


You were on level 6 of the Dungeon.
You worshipped Gozag.
Gozag was pleased with you.
You were not hungry.

You visited 1 branch of the dungeon, and saw 6 of its levels.

You collected 881 gold pieces.
You spent 224 gold pieces at shops.
You paid 30 gold pieces to Gozag.

Inventory:

Hand Weapons
 a - a +0 rapier (weapon)
 m - a +0 glaive
 n - a +0 spear
 r - a +0 hunting sling
 v - a +1 falchion of holy wrath
Missiles
 s - 139 stones (quivered)
 w - a throwing net
Armour
 b - a +1 shield (worn)
 p - a +0 buckler
Jewellery
 g - a ring of wizardry (left tentacle)
 k - a ring of stealth (right tentacle)
 o - an amulet of the acrobat (around mantle)
Wands
 q - a wand of polymorph (9)
Scrolls
 c - a scroll of immolation
 e - 4 scrolls of teleportation
 f - 10 scrolls of identify
 x - a scroll of enchant weapon
Potions
 h - 5 potions of curing
 l - 2 potions of heal wounds
 z - a potion of haste
Comestibles
 d - 6 rations


   Skills:
 * Level 6.6(6.3) Fighting
 * Level 6.9(6.7) Short Blades
 - Level 3.0(2.8) Dodging
 - Level 4.0(3.8) Stealth
 + Level 4.5(4.3) Shields


You had 7 spell levels left.
You didn't know any spells.
Your spell library was empty.

Dungeon Overview and Level Annotations

Branches:
Dungeon (6/15)
 Temple: D:4-7

Altars:
Ashenzari
Cheibriados
Gozag
Ru
Trog

Shops:
D:5 *


Innate Abilities, Weirdness & Mutations

You cannot wear most types of armour.
You are very stealthy in the water. (Stealth+)
You are amphibious.
You can wear up to eight rings at the same time.
You can use your tentacles to constrict eight enemies at once.
Your skin changes colour to match your surroundings (Stealth+).
Your rubbery body absorbs attacks. (AC +1, EV +1)


Message History

You kill the orc wizard!
You constrict the orc warrior.
The orc warrior hits you with a +0 short sword!!
* * * LOW HITPOINT WARNING * * *
You are too injured to fight recklessly!
You hit the orc warrior but do no damage.
You squeeze the orc warrior.
The orc warrior is severely wounded.
You constrict the orc warrior, but do no damage.
The orc warrior becomes distracted by the nearby gold, dreaming of imaginary You hit the orc warrior but do no damage.
The orc warrior is no longer distracted by gold.
The orc warrior is severely wounded.
You constrict the orc warrior, but do no damage.
You hit the orc warrior but do no damage.
The orc warrior is severely wounded.
You constrict the orc warrior.
The orc warrior hits you with a +0 short sword.
You die...
Your body crumbles into a pile of gold.

#..#..#⌠..#'##.⌠# #...
#.........#
..###..#####.......#####
#......#...#.......#...#
#..'...'..._...'...# #
#.####..#...#.......#...#.#
#.......#####.[.o...##.##.#
######..(o.#..............#
#.##$@#⌠.##o##.⌠#....#
#.###.####...###..#.## #.#
#....#...#.l...... #.#
##.......#..#.####
##########.####...#####.#.##
#...........$..............#
#.######...#####.....#####.#
#.# #.#.# ##)##.# .# #.#
#.#.# ####.##.# .#


You could see an orc warrior.

Vanquished Creatures
  An ice beast (D:6)
  5 ogres
  A bullfrog (D:6)
  2 hounds
  A gnoll shaman (D:4)
  An orc priest (D:3)
  4 orc wizards
  An iguana (D:4)
  Natasha (thrice) (D:2)
  2 worker ants
  A hound skeleton (D:5)
  Robin (D:1)
  3 adders
  7 gnolls (D:4)
  A howler monkey skeleton (D:5)
  An ooze (D:2)
  An adder skeleton (D:4)
  5 worms
  2 dart slugs
  6 leopard geckos
  20 orcs
  4 ball pythons
  5 giant cockroaches
  20 goblins
  5 hobgoblins
  10 jackals
  8 kobolds
  7 quokkas
  6 bats
  6 frilled lizards
  A giant cockroach zombie (D:5)
  A leopard gecko skeleton (D:5)
  7 rats
149 creatures vanquished.

Notes
Turn   | Place    | Note
-------+----------+-------------------------------------------
     0 | D:1      | LLavrengius the Octopode Fighter began the quest for the
                  | Orb.
     0 | D:1      | Reached XP level 1. HP: 16/16 MP: 1/1
    94 | D:1      | Reached skill level 1 in Stealth
   136 | D:1      | Reached XP level 2. HP: 21/21 MP: 2/2
   621 | D:1      | Reached XP level 3. HP: 26/26 MP: 3/3
   882 | D:2      | Noticed Robin
  1022 | D:1      | Killed Robin
  1331 | D:2      | Reached XP level 4. HP: 29/31 MP: 4/4
  1387 | D:2      | Noticed Natasha
  1398 | D:2      | Killed Natasha
  1551 | D:2      | Found a snail-covered altar of Cheibriados.
  1556 | D:2      | Noticed Natasha
  1570 | D:2      | Killed Natasha
  1570 | D:2      | Reached XP level 5. HP: 36/36 MP: 5/5
  1868 | D:2      | Found an opulent altar of Gozag.
  1868 | D:2      | Found a sacrificial altar of Ru.
  1878 | D:2      | Became a worshipper of Gozag Ym Sagoz the Greedy
  2013 | D:2      | Noticed Natasha
  2020 | D:2      | Killed Natasha
  2318 | D:3      | Reached XP level 6. HP: 38/43 MP: 6/6
  3407 | D:4      | Reached skill level 5 in Short Blades
  3439 | D:4      | Reached XP level 7. HP: 36/49 MP: 7/7
  3550 | D:4      | Found a bloodstained altar of Trog.
  3671 | D:4      | Reached skill level 5 in Fighting
  3732 | D:4      | Found a glowing drain.
  4189 | D:5      | Entered Level 5 of the Dungeon
  4306 | D:5      | Reached XP level 8. HP: 57/57 MP: 8/8
  4447 | D:5      | Found Wusaewomma's Assorted Antiques.
  4469 | D:5      | Bought a scroll labeled UMACOU RUJEH for 32 gold pieces
  4469 | D:5      | Bought a scroll labeled RALILO FETI for 32 gold pieces
  4469 | D:5      | Bought a scroll labeled UMACOU RUJEH for 32 gold pieces
  4469 | D:5      | Bought 2 scrolls labeled UMACOU RUJEH for 64 gold pieces
  4469 | D:5      | Bought a scroll labeled UMACOU RUJEH for 32 gold pieces
  4469 | D:5      | Bought a scroll labeled UMACOU RUJEH for 32 gold pieces
  5584 | D:6      | Found a shattered altar of Ashenzari.
  5854 | D:6      | Slain by an orc warrior

Vault maps used:
D:1:      dpeg_arrival_leaves_temple_mockup
D:2:      gammafunk_temple_overflow_elements, old_standard_altar, first_ration,
          uniq_robin, uniq_natasha
D:4:      lemuel_round_altar, cheibrodos_sewer_entry_bend, columned_hall_lemuel
D:5:      serial_shops, shop_coins
D:6:      evilmike_ruin_ashenzari, minmay_checkerbox

Skill      XL: |  1  2  3  4  5  6  7  8 |
---------------+-------------------------+-----
Stealth        | 1 2 3 4 |  4.0
Short Blades   | 3 4 5 6 |  6.9
Fighting       | 4 5 6 |  6.6
Shields        | 4 |  4.5
Dodging        | |  3.0

Action                   |  1- 3 |  4- 6 |  7- 9 || total
-------------------------+-------+-------+-------++-------
Melee: Rapier            |    63 |   123 |   130 ||   316
       Constrict         |    17 |    27 |    25 ||    69
       Tentacles         |    15 |    19 |    37 ||    71
  Use: Potion            |       |     1 |     1 ||     2
       Scroll            |       |       |     9 ||     9
 Stab: Sleeping          |     7 |    19 |    18 ||    44
  Eat: Chunk             |     1 |     3 |       ||     4
       Ration            |       |     1 |     3 ||     4
Armor: Skin              |     2 |     2 |       ||     4
Dodge: Dodged            |    31 |    37 |    43 ||   111
Block: Shield            |    29 |    41 |    46 ||   116

Table legend:
 A = Non-vault XP
 B = Vault XP
 C = Vault XP percentage of total XP
 D = Non-vault monster count
 E = Vault monster count
 F = Vault count percentage of total count
                 A         B        C        D         E       F
            +---------+---------+-------+---------+---------+-------
      Total |    1719 |      76 |   4.2 |     136 |      13 |   8.7
            +---------+---------+-------+---------+---------+-------
        D:1 |      40 |      20 |  33.3 |      25 |       4 |  13.8
        D:2 |     143 |      46 |  24.3 |      24 |       7 |  22.6
        D:3 |     183 |       0 |   0.0 |      31 |       0 |   0.0
        D:4 |     652 |      10 |   1.5 |      27 |       2 |   6.9
        D:5 |     269 |       0 |   0.0 |      20 |       0 |   0.0
        D:6 |     432 |       0 |   0.0 |       9 |       0 |   0.0
            +---------+---------+-------+---------+---------+-------
